 Dungeon Crawl Stone Soup version 0.25.0-26-g0c896c7088 (webtiles) character file.

Game seed: 15738323871205240357

2504 Dirian the Cleaver (level 9, -12/75 HPs)
             Began as a Minotaur Fighter on July 1, 2020.
             Mangled by an orc warrior
             ... wielding a +0 long sword
              (19 damage)
             ... on level 6 of the Dungeon.
             The game lasted 00:05:44 (5648 turns).

Dirian the Cleaver (Minotaur Fighter)               Turns: 5648, Time: 00:05:45

Health: -12/75     AC: 10    Str: 25    XL:     9   Next: 28%
Magic:  8/8        EV:  6    Int: 11    God:
Gold:   480        SH: 12    Dex:  9    Spells: 8/8 levels left

rFire    + . .     SeeInvis .   i - +1 war axe (elec)
rCold    . . .     Gourm    .   c - +1 kite shield
rNeg     . . .     Faith    +   q - +0 chain mail
rPois    .         Spirit   .   (helmet restricted)
rElec    .         Reflect  .   (no cloak)
rCorr    .         Harm     .   (no gloves)
MR       .....                  (no boots)
Stlth    ..........             k - amulet of faith
HPRegen  0.22/turn              m - ring of protection from fire
MPRegen  0.11/turn              l - +6 ring of intelligence

@: mighty, hasted, very quick
A: retaliatory headbutt, horns 2
a: no special abilities


You were on level 6 of the Dungeon.
You were hungry.

You visited 1 branch of the dungeon, and saw 6 of its levels.
You also visited: Sewer.

You collected 480 gold pieces.

Inventory:

Hand Weapons
 a - a +0 war axe
 i - a +1 war axe of electrocution (weapon)
Armour
 c - a +1 kite shield (worn)
 q - a +0 chain mail (worn)
Jewellery
 k - an amulet of faith (around neck)
 l - a +6 ring of intelligence (right hand)
 m - a ring of protection from fire (left hand)
 D - an uncursed amulet of the acrobat {unknown}
Wands
 j - a wand of disintegration (7)
 s - a wand of flame (25)
 v - a wand of digging (6)
Scrolls
 b - a scroll of random uselessness {unknown}
 g - 3 scrolls of immolation
 o - a scroll of magic mapping
 r - 4 scrolls of identify
 t - 2 scrolls of teleportation
 x - 4 scrolls of remove curse
 y - 5 scrolls of enchant weapon {unknown}
 E - a scroll of fog {unknown}
 F - a scroll of blinking {unknown}
Potions
 d - 4 potions of might
 f - a potion of cancellation
 h - a potion of haste
 n - a potion of berserk rage
 p - 3 potions of mutation
 u - 2 potions of heal wounds {unknown}
 w - 2 potions of magic {unknown}
 z - a potion of ambrosia {unknown}
 B - a potion of stabbing {unknown}
 C - a potion of curing {unknown}
Comestibles
 e - 5 rations
 A - 8 chunks of flesh


   Skills:
 + Level 6.1 Fighting
 * Level 11.8 Axes
 + Level 6.3 Armour
 + Level 6.9 Shields


You had 8 spell levels left.
You didn't know any spells.
Your spell library was empty.

Dungeon Overview and Level Annotations

Branches:
Dungeon (6/15)              Sewer (visited)
 Temple: D:4-7

Altars:
Elyvilon
Kikubaaqudgha
Uskayaw
Zin


Innate Abilities, Weirdness & Mutations

You reflexively headbutt those who attack you in melee.
You have a pair of horns on your head.


Message History

You are too injured to fight recklessly!
You are too injured to fight recklessly!
You are too injured to fight recklessly!
You are too injured to fight recklessly!
You are too injured to fight recklessly!
You are too injured to fight recklessly!
You are too injured to fight recklessly!
You are too injured to fight recklessly!
You feel very mighty all of a sudden.
The orc warrior hits you with a +0 long sword.
The orc warrior hits you with a +0 long sword!
* * * LOW HITPOINT WARNING * * *
You closely miss the orc warrior. You headbutt the orc warrior!
The orc warrior is almost dead.
The orc warrior hits you with a +0 long sword.
* * * LOW HITPOINT WARNING * * *
It was a potion of haste.
You feel yourself speed up.
h - a potion of haste;
w - 2 fuming inky potions The orc warrior hits you with a +0 long sword!!
You die...

..# #.#.. #.# #.#..
..###.#####.##.
#.##..>##...###
#.##...........
#####.##...##.#...#
oo##.###.###......
#o##.###....).....
#@##.#(...........
≈#####)##.............#
...........÷.#.###.#...#
.######........###.#.###
######÷.(....#.#
.........######..
#######.## ### ###


You could see an orc warrior (berserk), an orc priest and an orc.

Vanquished Creatures
  Pikel (D:5)
  Edmund (D:5)
  Duvessa (D:6)
  2 sky beasts
  A slave (D:5)
  2 ice beasts (D:6)
  Purgy (Sewer)
  An ogre (D:6)
  An orc warrior (D:5)
  4 centaurs
  Dowan (D:6)
  A scorpion (D:6)
  A water moccasin zombie (D:6)
  2 howler monkeys
  A crimson imp (D:6)
  A bullfrog zombie (D:6)
  2 hounds (D:6)
  A centaur skeleton (D:5)
  A bullfrog skeleton (D:4)
  2 iguanas
  2 worker ants
  A hound skeleton (D:6)
  3 worker ant zombies
  5 gnolls
  7 river rats (D:5)
  9 adders
  2 oozes
  2 worms (D:2)
  A dart slug (D:5)
  9 orcs
  3 ball pythons
  12 bats
  9 giant cockroaches
  5 goblins (D:1)
  7 hobgoblins
  A jackal (D:5)
  6 quokkas
  A ball python skeleton (D:4)
  3 frilled lizards
  A jackal zombie (D:6)
  6 kobolds
  A leopard gecko skeleton (D:5)
  2 leopard gecko zombies
  A quokka zombie (D:6)
  25 rats
152 creatures vanquished.

Notes
Turn   | Place    | Note
-------+----------+-------------------------------------------
     0 | D:1      | Dirian the Minotaur Fighter began the quest for the Orb.
     0 | D:1      | Reached XP level 1. HP: 19/19 MP: 0/0
   174 | D:1      | Reached XP level 2. HP: 13/27 MP: 1/1
   410 | D:1      | Reached skill level 3 in Axes
   513 | D:1      | Reached XP level 3. HP: 32/33 MP: 2/2
   802 | D:2      | Found a white marble altar of Elyvilon.
   805 | D:2      | Found an ancient bone altar of Kikubaaqudgha.
   808 | D:2      | Found a glowing silver altar of Zin.
   892 | D:2      | Reached XP level 4. HP: 27/40 MP: 3/3
   893 | D:2      | Reached skill level 4 in Axes
  1030 | D:2      | Found a faded altar of an unknown god.
  1195 | D:2      | Found a white marble altar of Elyvilon.
  1982 | D:3      | Reached XP level 5. HP: 44/47 MP: 4/4
  2022 | D:3      | Found a glowing drain.
  2046 | Sewer    | Entered a sewer
  2054 | Sewer    | Reached skill level 5 in Axes
  2091 | Sewer    | Noticed Purgy
  2104 | Sewer    | Killed Purgy
  2424 | D:3      | Reached XP level 6. HP: 53/53 MP: 5/5
  2940 | D:4      | Reached skill level 6 in Axes
  3412 | D:4      | Found a hide-covered altar of Uskayaw.
  3635 | D:5      | Entered Level 5 of the Dungeon
  3829 | D:5      | Reached skill level 5 in Shields
  3986 | D:5      | Noticed Edmund
  3993 | D:5      | Killed Edmund
  3993 | D:5      | Reached skill level 7 in Axes
  3993 | D:5      | Reached skill level 5 in Armour
  3993 | D:5      | Reached XP level 7. HP: 54/60 MP: 6/6
  4051 | D:5      | Noticed Pikel
  4061 | D:5      | Killed Pikel
  4061 | D:5      | Reached skill level 5 in Fighting
  4061 | D:5      | Reached skill level 9 in Axes
  4061 | D:5      | Reached XP level 8. HP: 68/68 MP: 7/7
  4744 | D:5      | Reached skill level 10 in Axes
  5126 | D:6      | Noticed Duvessa
  5126 | D:6      | Noticed Dowan
  5132 | D:6      | Killed Duvessa
  5146 | D:6      | Killed Dowan
  5330 | D:6      | Reached skill level 11 in Axes
  5349 | D:6      | Reached XP level 9. HP: 74/75 MP: 8/8
  5648 | D:6      | Mangled by an orc warrior

Illustrated notes

Levels and vault maps discovered:
D:1:      lemuel_arrival_room, layout_loops_ring, minmay_hexomino_c4
D:2:      minmay_skewed_foursquare, layout_basic, grunt_temple_overflow_diamond,
          chequers_ecumenical_altar_simple_redux, elyvilon_altar_5
D:3:      layout_rooms, cheibrodos_sewer_entry_drain
D:4:      layout_gridville, kennysheep_little_box
D:5:      lemuel_ratsnest, layout_basic, first_ration, uniq_pikel, uniq_edmund
D:6:      layout_loops_ring, minmay_temple_entry_ruins, serial_undead,
          serial_undead_b, serial_undead_b, serial_undead_d, serial_undead_d,
          lightli_minifort, uniq_eustachio, uniq_duvessa

Skill      XL: |  1  2  3  4  5  6  7  8 |
---------------+-------------------------+-----
Fighting       | 4 5 6 |  6.1
Armour         | 4 5 6 |  6.3
Axes           | 3 4 5 7 9 11 | 11.8
Shields        | 4 5 6 |  6.9

Action                   |  1- 3 |  4- 6 |  7- 9 || total
-------------------------+-------+-------+-------++-------
Melee: War axe           |    78 |   139 |   189 ||   406
       Headbutt          |     5 |    21 |    40 ||    66
  Use: Scroll            |       |    10 |       ||    10
       Potion            |       |       |     2 ||     2
  Eat: Chunk             |       |    10 |     5 ||    15
Armor: Scale mail        |    35 |    64 |       ||    99
       Chain mail        |       |    16 |    59 ||    75
Dodge: Dodged            |    24 |    39 |    17 ||    80
Block: Kite shield       |    43 |    93 |    81 ||   217
